SAAA
PENNSAUKEN FLYERS @ VERMONT LAKE MONSTERS
06/26/2034
 
TOP OF THE 1ST
Pennsauken Flyers batting - Pitching for Vermont Lake Monsters : RHP Naozane Kobayashi
Pitching: RHP Naozane Kobayashi
Batting: LHB Vinski Prifti 0-0: Ball
1-0: SINGLE (Groundball, 4D)
Batting: SHB Chris Williamson 0-0: Called Strike
0-1: Ball
1-1: Called Strike
Vinski Prifti steals 2nd base
1-2: Ball
2-2: Fly out, F9 (Flyball, 89D)
Runner from 2nd tags up, SAFE at 3rd, no throw
Batting: RHB José Rodríguez 0-0: Ball
1-0: Called Strike
1-1: Called Strike
1-2: Foul Ball, location: 2F
1-2: Foul Ball, location: 2F
1-2: Ball
2-2: SINGLE (Groundball, 6MD)
Vinski Prifti scores
Batting: RHB Leo Cadden 0-0: Called Strike
0-1: Ball
1-1: Foul Ball, location: 2F
1-2: Ball
2-2: Fly out, F9 (Flyball, 89M)
Batting: RHB Dave Ash 0-0: Ball
José Rodríguez steals 2nd base
1-0: Ball
2-0: Fly out, F8 (Flyball, 78D)
Top of the 1st over - 1 run, 2 hits, 0 errors, 1 left on base; Pennsauken 1 - Vermont 0
BOTTOM OF THE 1ST
Vermont Lake Monsters batting - Pitching for Pennsauken Flyers : RHP Romano Martínez
Pitching: RHP Romano Martínez
Batting: RHB Cosmo Castanhedo 0-0: Ground out 5-3 (Groundball, 5)
Batting: RHB Ricardo Téllez 0-0: Called Strike
0-1: SINGLE (Line Drive, 7S)
Batting: LHB Sébastien Cornu 0-0: SINGLE (Line Drive, 4M)
Ricardo Téllez to second
Runner from 2nd tries for 3rd, SAFE, no throw
Batting: RHB Hsi-men King 0-0: Foul Ball, location: 2F
0-1: Foul Ball, location: 2F
0-2: Ball
1-2: Strikes out looking
Batting: RHB Jason Slaybaugh 0-0: DOUBLE (Line Drive, 8RXD)
Ricardo Téllez scores
Sébastien Cornu to third
Runner from 3rd tries for Home, SAFE, no throw
Batting: RHB Gabe Cain 0-0: Ball
1-0: Ball
2-0: Ball
3-0: Called Strike
3-1: Base on Balls
Batting: RHB Marcel Roks 0-0: Foul Ball, location: 2F
0-1: Ball
1-1: Foul Ball, location: 2F
1-2: Ball
2-2: Fly out, F8 (Flyball, 8RM)
Bottom of the 1st over - 2 runs, 3 hits, 0 errors, 2 left on base; Pennsauken 1 - Vermont 2
TOP OF THE 2ND
Pennsauken Flyers batting - Pitching for Vermont Lake Monsters : RHP Naozane Kobayashi
Batting: RHB Raúl Moreno 0-0: Foul Ball, location: 2F
0-1: Ground out 5-3 (Groundball, 56)
Batting: RHB John Downing 0-0: Called Strike
0-1: Foul Ball, location: 2F
0-2: Foul Ball, location: 2F
0-2: Foul Ball, location: 2F
0-2: Foul Ball, location: 2F
0-2: Fly out, F8 (Flyball, 8LM)
Batting: RHB Marc Beck 0-0: Ball
1-0: Ground out 4-3 (Groundball, 4M)
Top of the 2nd over - 0 runs, 0 hits, 0 errors, 0 left on base; Pennsauken 1 - Vermont 2
BOTTOM OF THE 2ND
Vermont Lake Monsters batting - Pitching for Pennsauken Flyers : RHP Romano Martínez
Batting: RHB Ramón Soto 0-0: Ground out 6-3 (Groundball, 6S)
Batting: LHB Manuel Núñez 0-0: Ball
1-0: Ball
2-0: Called Strike
2-1: Foul Ball, location: 2F
2-2: Ball
3-2: Base on Balls
Batting: RHB Cosmo Castanhedo 0-0: Ball
1-0: Called Strike
1-1: Foul Ball, location: 2F
1-2: Foul Ball, location: 2F
1-2: Foul Ball, location: 2F
1-2: Foul Ball, location: 2F
1-2: Ball
2-2: DOUBLE (Line Drive, 7LS)
Manuel Núñez to third
Manuel Núñez scores
Batting: RHB Ricardo Téllez 0-0: Called Strike
0-1: Ground out 6-3 (Groundball, 6)
Batting: LHB Sébastien Cornu 0-0: Called Strike
0-1: Ball
1-1: Called Strike
1-2: Strikes out swinging
Bottom of the 2nd over - 1 run, 1 hit, 0 errors, 1 left on base; Pennsauken 1 - Vermont 3
TOP OF THE 3RD
Pennsauken Flyers batting - Pitching for Vermont Lake Monsters : RHP Naozane Kobayashi
Batting: RHB Chase Mooney 0-0: Foul Ball, location: 2F
0-1: Ball
1-1: Ball
2-1: Ground out 6-3 (Groundball, 6)
Batting: LHB Vinski Prifti 0-0: Swinging Strike
0-1: Foul Ball, location: 2F
0-2: Ground out U3 (Groundball, 3)
Batting: SHB Chris Williamson 0-0: Ball
1-0: Called Strike
1-1: Ground out 4-3 (Groundball, 34D)
Top of the 3rd over - 0 runs, 0 hits, 0 errors, 0 left on base; Pennsauken 1 - Vermont 3
BOTTOM OF THE 3RD
Vermont Lake Monsters batting - Pitching for Pennsauken Flyers : RHP Romano Martínez
Batting: RHB Hsi-men King 0-0: Ball
1-0: Ball
2-0: Ball
3-0: Foul Ball, location: 2F
3-1: SINGLE (Flyball, 8RS)
Batting: RHB Jason Slaybaugh 0-0: Ball
1-0: Fly out, F9 (Flyball, 9LDF)
Batting: RHB Gabe Cain 0-0: Fly out, F7 (Flyball, 7D)
Batting: RHB Marcel Roks 0-0: Called Strike
0-1: Ball
1-1: Swinging Strike
1-2: Ball
2-2: Foul Ball, location: 2F
2-2: Strikes out looking
Bottom of the 3rd over - 0 runs, 1 hit, 0 errors, 1 left on base; Pennsauken 1 - Vermont 3
TOP OF THE 4TH
Pennsauken Flyers batting - Pitching for Vermont Lake Monsters : RHP Naozane Kobayashi
Batting: RHB José Rodríguez 0-0: Foul Ball, location: 2F
0-1: Ground out 6-3 (Groundball, 6M)
Batting: RHB Leo Cadden 0-0: Called Strike
0-1: Ball
1-1: Called Strike
1-2: Ball
2-2: Ball
3-2: Foul Ball, location: 2F
3-2: SINGLE (Line Drive, 56D)
Batting: RHB Dave Ash 0-0: Ball
1-0: Ball
2-0: Foul Ball, location: 2F
2-1: DOUBLE (Line Drive, 89D)
Leo Cadden to third
Runner from 3rd tries for Home, SAFE, no throw
Batting: RHB Raúl Moreno 0-0: Ball
1-0: Called Strike
1-1: Foul Ball, location: 2F
1-2: Fly out, F7 (Line Drive, 78D)
Batting: RHB John Downing 0-0: Ball
1-0: Called Strike
1-1: Called Strike
1-2: Strikes out looking
Top of the 4th over - 1 run, 2 hits, 0 errors, 1 left on base; Pennsauken 2 - Vermont 3
BOTTOM OF THE 4TH
Vermont Lake Monsters batting - Pitching for Pennsauken Flyers : RHP Romano Martínez
Batting: RHB Ramón Soto 0-0: Ball
1-0: Foul Ball, location: 2F
1-1: Ball
2-1: Ball
3-1: Foul Ball, location: 2F
3-2: SINGLE (Groundball, 6MD)
Batting: LHB Manuel Núñez 0-0: Ball
1-0: Called Strike
1-1: Swinging Strike
1-2: Ball
2-2: DOUBLE (Flyball, 8LXD)
Ramón Soto to third
Batting: RHB Cosmo Castanhedo 0-0: Ball
1-0: Ball
2-0: Ball
3-0: Called Strike
3-1: Base on Balls
Batting: RHB Ricardo Téllez 0-0: Ball
1-0: Ball
2-0: Ball
3-0: Called Strike
3-1: Foul Ball, location: 2F
3-2: Foul Ball, location: 2F
3-2: Foul Ball, location: 2F
3-2: SINGLE (Line Drive, 3)
Ramón Soto scores
Manuel Núñez to third
Cosmo Castanhedo to second
Batting: LHB Sébastien Cornu 0-0: Foul Ball, location: 2F
0-1: Foul Ball, location: 2F
0-2: DOUBLE (Line Drive, 7LD)
Manuel Núñez scores
Cosmo Castanhedo scores
Ricardo Téllez to third
Batting: RHB Hsi-men King 0-0: Foul Ball, location: 2F
0-1: Ball
1-1: Ball
2-1: Ball
3-1: Swinging Strike
3-2: Foul Ball, location: 2F
3-2: Fly out, F8 (Flyball, 8LS)
Runner from 3rd tags up, SCORES, no throw
Pitching: RHP Will O'Slattery
Batting: RHB Jason Slaybaugh 0-0: Ball
1-0: Foul Ball, location: 2F
1-1: Ball
2-1: Fly out, F9 (Line Drive, 9LS)
Batting: RHB Gabe Cain 0-0: Ball
1-0: Foul Ball, location: 2F
1-1: Ground out 5-3 (Groundball, 56)
Bottom of the 4th over - 4 runs, 4 hits, 0 errors, 1 left on base; Pennsauken 2 - Vermont 7
TOP OF THE 5TH
Pennsauken Flyers batting - Pitching for Vermont Lake Monsters : RHP Naozane Kobayashi
Batting: RHB Marc Beck 0-0: Called Strike
0-1: Ball
1-1: Swinging Strike
1-2: Foul Ball, location: 2F
1-2: Ground out 6-3 (Groundball, 6)
Batting: RHB Chase Mooney 0-0: Ball
1-0: Ball
2-0: Ball
3-0: Called Strike
3-1: Called Strike
3-2: Foul Ball, location: 2F
3-2: Fly out, F9 (Flyball, 89D)
Batting: LHB Vinski Prifti 0-0: Ball
1-0: Ground out 4-3 (Groundball, 4)
Top of the 5th over - 0 runs, 0 hits, 0 errors, 0 left on base; Pennsauken 2 - Vermont 7
BOTTOM OF THE 5TH
Vermont Lake Monsters batting - Pitching for Pennsauken Flyers : RHP Will O'Slattery
Batting: RHB Marcel Roks 0-0: SINGLE (Flyball, 78M)
Batting: RHB Ramón Soto 0-0: Called Strike
0-1: Swinging Strike
0-2: Ball
1-2: Ball
2-2: Ball
3-2: Base on Balls
Marcel Roks to second
Batting: LHB Manuel Núñez 0-0: Ball
1-0: Sac Bunt - play at first, batter OUT! 1-3
Marcel Roks to third
Ramón Soto to second
Batting: RHB Cosmo Castanhedo 0-0: Ball
1-0: Foul Ball, location: 2F
1-1: Foul Ball, location: 2F
1-2: Foul Ball, location: 2F
1-2: Ball
2-2: Foul Ball, location: 2F
2-2: Ground out 5-3 (Groundball, 56)
Marcel Roks scores
Batting: RHB Ricardo Téllez 0-0: Called Strike
0-1: SINGLE (Groundball, 6D)
Ramón Soto to third
Runner from 3rd tries for Home, SAFE, throw made home
Batting: LHB Sébastien Cornu 0-0: Foul Ball, location: 2F
0-1: SINGLE (Line Drive, 56)
Ricardo Téllez to second
Batting: RHB Hsi-men King 0-0: Fielders Choice at 2nd, 6-4 (Groundball, 6)
Bottom of the 5th over - 2 runs, 3 hits, 0 errors, 2 left on base; Pennsauken 2 - Vermont 9
TOP OF THE 6TH
Pennsauken Flyers batting - Pitching for Vermont Lake Monsters : RHP Naozane Kobayashi
Batting: SHB Chris Williamson 0-0: Ball
1-0: Ball
2-0: Ball
3-0: Base on Balls
Batting: RHB José Rodríguez 0-0: Grounds into double play, 6-4-3 (Groundball, 56)
Batting: RHB Leo Cadden 0-0: Ball
1-0: Foul Ball, location: 2F
1-1: Single, Error in OF, E8, batter to second base
Batting: RHB Dave Ash 0-0: Ball
1-0: Ground out 4-3 (Groundball, 4)
Top of the 6th over - 0 runs, 1 hit, 1 error, 1 left on base; Pennsauken 2 - Vermont 9
BOTTOM OF THE 6TH
Vermont Lake Monsters batting - Pitching for Pennsauken Flyers : RHP Will O'Slattery
Batting: RHB Jason Slaybaugh 0-0: Ball
1-0: Foul Ball, location: 2F
1-1: Ground out 5-3 (Groundball, 56S)
Batting: RHB Gabe Cain 0-0: Ball
1-0: Ball
2-0: Called Strike
2-1: Ball
3-1: Foul Ball, location: 2F
3-2: Ground out 6-3 (Groundball, 6)
Batting: RHB Marcel Roks 0-0: Called Strike
0-1: Ball
1-1: Ball
2-1: SINGLE (Groundball, 6D)
Batting: RHB Ramón Soto 0-0: Called Strike
0-1: Foul Ball, location: 2F
0-2: Strikes out looking
Bottom of the 6th over - 0 runs, 1 hit, 0 errors, 1 left on base; Pennsauken 2 - Vermont 9
TOP OF THE 7TH
Pennsauken Flyers batting - Pitching for Vermont Lake Monsters : RHP Naozane Kobayashi
Now at 3B: David Sánchez
Batting: RHB Raúl Moreno 0-0: SINGLE (Line Drive, 56D)
Batting: RHB John Downing 0-0: Called Strike
0-1: Ball
1-1: Called Strike
1-2: Fly out, F7 (Flyball, 7)
Batting: RHB Marc Beck 0-0: Called Strike
0-1: Ball
1-1: Foul Ball, location: 2F
1-2: Ball
2-2: Fielders Choice at 2nd, 4-6 (Groundball, 4)
Batting: RHB Chase Mooney 0-0: Ball
Marc Beck steals 2nd base
1-0: Ball
2-0: Ball
3-0: Called Strike
3-1: Foul Ball, location: 2F
3-2: Ground out 6-3 (Groundball, 6)
Top of the 7th over - 0 runs, 1 hit, 0 errors, 1 left on base; Pennsauken 2 - Vermont 9
BOTTOM OF THE 7TH
Vermont Lake Monsters batting - Pitching for Pennsauken Flyers : RHP Will O'Slattery
Batting: LHB Manuel Núñez 0-0: Foul Ball, location: 2F
0-1: Ball
1-1: Ball
2-1: Ground out 1-3 (Groundball, 15S)
Batting: RHB Cosmo Castanhedo 0-0: Ball
1-0: DOUBLE (Groundball, 3L)
Batting: RHB Ricardo Téllez 0-0: Fly out, F7 (Flyball, 7D)
Batting: LHB Sébastien Cornu 0-0: Ball
1-0: DOUBLE (Line Drive, 8RD)
Cosmo Castanhedo scores
Batting: RHB Hsi-men King 0-0: Ball
1-0: Ground out 6-3 (Groundball, 6)
Bottom of the 7th over - 1 run, 2 hits, 0 errors, 1 left on base; Pennsauken 2 - Vermont 10
TOP OF THE 8TH
Pennsauken Flyers batting - Pitching for Vermont Lake Monsters : RHP Naozane Kobayashi
Now at C: Tullu Amaad
Now at 2B: José Xirau
Batting: LHB Vinski Prifti 0-0: Ground out 1-3 (Groundball, 13S)
Batting: SHB Chris Williamson 0-0: Ball
1-0: Called Strike
1-1: DOUBLE (Line Drive, 89D)
Batting: RHB José Rodríguez 0-0: Swinging Strike
0-1: Swinging Strike
0-2: Foul Ball, location: 2F
0-2: Ground out 5-3 (Groundball, 56S)
Chris Williamson to third
Pitching: RHP Don Cantrell
Batting: RHB Leo Cadden 0-0: Ball
1-0: Foul Ball, location: 2F
1-1: Foul Ball, location: 2F
1-2: Ground out 6-3 (Groundball, 6)
Top of the 8th over - 0 runs, 1 hit, 0 errors, 1 left on base; Pennsauken 2 - Vermont 10
BOTTOM OF THE 8TH
Vermont Lake Monsters batting - Pitching for Pennsauken Flyers : RHP Will O'Slattery
Batting: RHB Jason Slaybaugh 0-0: Ball
1-0: Swinging Strike
1-1: Ground out 6-3 (Groundball, 6M)
Batting: RHB Gabe Cain 0-0: SINGLE (Flyball, 9S)
Batting: RHB David Sánchez 0-0: Ball
1-0: Ball
2-0: Foul Ball, location: 2F
2-1: Foul Ball, location: 2F
2-2: Foul Ball, location: 2F
2-2: Foul Ball, location: 2F
2-2: Ball
Wild Pitch!
Gabe Cain to second
3-2: Fly out, F7 (Line Drive, 7)
Batting: RHB Ramón Soto 0-0: Foul Ball, location: 2F
0-1: Ball
1-1: Ball
2-1: Ground out 4-3 (Groundball, 4)
Bottom of the 8th over - 0 runs, 1 hit, 0 errors, 1 left on base; Pennsauken 2 - Vermont 10
TOP OF THE 9TH
Pennsauken Flyers batting - Pitching for Vermont Lake Monsters : RHP Don Cantrell
Batting: RHB Dave Ash 0-0: DOUBLE (Flyball, 9LD)
Pinch Runner at 2nd Raúl Javier Jr.:
Batting: RHB Raúl Moreno 0-0: Ball
1-0: Foul Ball, location: 2F
1-1: Ball
2-1: Ball
3-1: Base on Balls
Batting: RHB John Downing 0-0: Ball
1-0: Ball
2-0: Called Strike
2-1: Swinging Strike
2-2: Foul Ball, location: 2F
2-2: Ball
3-2: Foul Ball, location: 2F
3-2: Strikes out looking
Batting: RHB Marc Beck 0-0: Ball
1-0: Ball
2-0: Swinging Strike
2-1: Ground out 3-1 (Groundball, 34S)
Raúl Javier Jr. to third
Raúl Moreno to second
Batting: RHB Chase Mooney 0-0: Swinging Strike
0-1: Ball
1-1: Ball
2-1: Foul Ball, location: 2F
2-2: Strikes out swinging
Top of the 9th over - 0 runs, 1 hit, 0 errors, 2 left on base; Pennsauken 2 - Vermont 10
Friday, March 29th, 2019 - OOTP Baseball 18.8 Build 76